 Dungeon Crawl Stone Soup version 0.27-a0-920-gb2bd10914a (webtiles) character file.

Game seed: 17690124120554959412

4475 robertstho the Fanfare of Bloodshed (level 10, -8/67 HPs)
             Began as a Djinni Fire Elementalist on Apr 9, 2021.
             Was a Believer of Makhleb.
             Hit by a large rock thrown by a cyclops (39 damage)
             ... on level 8 of the Dungeon.
             The game lasted 00:14:42 (12945 turns).

robertstho the Fanfare of Bloodshed (DjFE)         Turns: 12945, Time: 00:14:42

Health: -8/67      AC:  5    Str:  7    XL:     10   Next: 38%
Gold:   65         EV: 14    Int: 20    God:    Makhleb [**....] SH:  0 Dex: 14

rFire    + + .     SeeInvis .   q - +2 glaive (venom)
rCold    x . .     Faith    .   (shield currently unavailable)
rNeg     . . .     Spirit   .   a - +0 robe
rPois    ∞         Reflect  .   s - +2 helmet
rElec    .         Harm     .   (no cloak)
rCorr    .         Rampage  .   (no gloves)
Will     +....                  (boots unavailable)
Stlth    ++........             (no amulet)
HPRegen  0.21/turn              (no ring)
MPRegen  0.00/turn              (no ring)

@: flying, studying Invocations
A: fire resistance 2, cold vulnerability 1, float, innate caster, hp casting,
extra vitality 1
a: Renounce Religion, Minor Destruction


You were on level 8 of the Dungeon.
You worshipped Makhleb.
Makhleb was pleased with you.
You visited 2 branches of the dungeon, and saw 9 of its levels.

You collected 334 gold pieces.
You spent 269 gold pieces at shops.

Inventory:

Hand Weapons
 h - a +1 short sword of speed
 q - a +2 glaive of venom (weapon)
 u - a +2 flail of holy wrath
Missiles
 o - a throwing net
Armour
 a - a +0 robe (worn)
 s - a +2 helmet (worn)
Jewellery
 b - a ring of resist corrosion
Scrolls
 d - 6 scrolls of teleportation
 e - 2 scrolls of fog {unknown}
 f - 2 scrolls of vulnerability
 k - 2 scrolls of blinking {unknown}
 l - a scroll of immolation {unknown}
 n - 2 scrolls of enchant armour {unknown}
 p - a scroll of identify
 r - a scroll of silence
 t - a scroll of enchant weapon
 w - a scroll of noise {unknown}
Potions
 c - 5 potions of brilliance
 g - 2 potions of might
 m - a potion of ambrosia
 v - a potion of attraction {unknown}


   Skills:
 + Level 4.0 Fighting
 + Level 1.6 Short Blades
 + Level 5.0 Polearms
 + Level 6.3 Dodging
 + Level 3.5 Stealth
 + Level 8.0 Spellcasting
 * Level 8.2 Invocations


You had one spell level left.
You knew the following spells:

 Your Spells              Type           Power      Damage    Failure   Level
a - Foxfire               Conj/Fire      100%       2x1d9     1%          1
b - Conjure Flame         Conj/Fire      40%        6-21      1%          3
c - Inner Flame           Hex/Fire       40%        N/A       1%          3
d - Sticky Flame          Conj/Fire      40%        2d6       3%          4
e - Fireball              Conj/Fire      20%        3d10      9%          5
f - Apportation           Tloc           80%        N/A       1%          1
g - Poisonous Vapours     Pois/Air       80%        N/A       1%          2
h - Blink                 Tloc           N/A        N/A       1%          2
i - Mephitic Cloud        Conj/Pois/Air  40%        N/A       1%          3
Your spell library was empty.

Dungeon Overview and Level Annotations

Branches:
Dungeon (8/15)             Temple (1/1) D:4
   Lair: D:8-11

Altars:
Ashenzari
Cheibriados
Dithmenos
Elyvilon
Fedhas
Hepliaklqana
Kikubaaqudgha
Makhleb
Nemelex Xobeh
Okawaru
Qazlal
Ru
Sif Muna
Trog
Wu Jian
Xom
Yredelemnul
Zin
The Shining One

Shops:
D:2 ?*

Annotations:
D:7 4 runed translucent doors


Innate Abilities, Weirdness & Mutations

You are immune to poison.
Your flesh is very heat resistant. (rF++)
You are vulnerable to cold. (rC-)
You float through the air rather than walking.
You learn spells naturally, not from books.
Your magical power is your life essence.
You have superior vitality. (+4 HP)


Message History

Things that are here:
a +0 short sword; an orc corpse
Things that are here:
a +0 dagger; a kobold corpse
Things that are here:
12 arrows; a +0 shortbow The tengu conjurer shouts!
Things that are here:
a +0 robe; a +5 short sword
There are monsters nearby!
There are monsters nearby!
Casting: Fireball (dangerous; 9% risk of failure)
Confirm with . or Enter, or press ? or * to list all spells.
Aiming: Fireball (dangerous; 9% risk of failure)
Press: ? - help, Shift-Dir - straight line The fireball explodes!
The fireball engulfs the tengu conjurer!
The tengu conjurer is heavily wounded.
You hear a shout!
The tengu conjurer points at you and mumbles some strange words.
The bolt of lightning hits you!!
Casting: Fireball (dangerous; 9% risk of failure)
Confirm with . or Enter, or press ? or * to list all spells.
Aiming: Fireball (dangerous; 9% risk of failure)
Press: ? - help, Shift-Dir - straight line The fireball explodes!
The fireball engulfs the tengu conjurer!
The tengu conjurer is severely wounded.
The tengu conjurer gestures at you while chanting.
The bolt of lightning misses you.
Casting: Fireball (dangerous; 9% risk of failure)
Confirm with . or Enter, or press ? or * to list all spells.
Aiming: Fireball (dangerous; 9% risk of failure)
Press: ? - help, Shift-Dir - straight line The fireball explodes!
The fireball engulfs the tengu conjurer!
The tengu conjurer is almost dead.
The cyclops throws a large rock.
The large rock hits you!!!
Ouch! That really hurt!
You die...

############..#
#..###.8####
...#########..#
###..#####..
..............#
###..##(##.###
...#####..#...#
###..#####......
.).#####..#...####..####
###.###
...##.....#<..##..####Q#
###..
...##.........#.####..#.#
###
...#########..#.##....###.
#
#.............##@.........
#(...######...####....###.
#..#......#...# ###..#.#
#..#..###.#...# ##C#
#..#..#...#...# #
####..#.###...# ##
#..#.##.#.....# ###.
#..#.##.#.#...# ###...
#..#..#.#.#...# ####...##


You could see a cyclops and a tengu conjurer.

Vanquished Creatures
  A two-headed ogre (D:8)
  A troll (D:8)
  2 wyverns (D:8)
  2 water moccasins
  An orc warrior (D:8)
  A sky beast (D:7)
  2 centaurs
  An ogre (D:4)
  2 kobold brigands
  A gnoll sergeant (D:8)
  A bullfrog (D:8)
  A scorpion (D:4)
  A wyvern skeleton (D:5)
  A water moccasin skeleton (D:5)
  18 killer bees
  13 wights
  A howler monkey (D:6)
  4 centaur zombies
  3 bullfrog zombies (D:6)
  2 jellies
  7 hounds
  Jessica (D:2)
  3 iguanas (D:5)
  2 orc wizards (D:6)
  A killer bee zombie (D:8)
  A hound skeleton (D:4)
  A howler monkey zombie (D:8)
  4 gnolls (D:3)
  7 adders
  2 white imps
  2 ufetubi (D:5)
  An adder skeleton (D:4)
  2 worms (D:2)
  7 orcs
  7 bats
  7 endoplasms
  3 giant cockroaches
  9 goblins
  11 hobgoblins
  2 jackals (D:3)
  5 quokkas
  6 ball pythons
  5 frilled lizards
  12 kobolds
  2 rats
169 creatures vanquished.

Vanquished Creatures (others)
  427 foxfires
427 creatures vanquished.

Grand Total: 596 creatures vanquished

Notes
Turn   | Place    | Note
-------+----------+-------------------------------------------
     0 | D:1      | robertstho the Djinni Fire Elementalist began the quest for
                  | the Orb.
     0 | D:1      | Reached XP level 1. HP: 15/15 MP: 0/0
   274 | D:1      | Found a faded altar of an unknown god.
   296 | D:1      | Reached XP level 2. HP: 19/21 MP: 0/0
  1175 | D:1      | Reached XP level 3. HP: 16/25 MP: 0/0
  1175 | D:1      | Learned a level 1 spell: Apportation
  1511 | D:2      | Noticed Jessica
  1516 | D:2      | Killed Jessica
  1517 | D:2      | Reached XP level 4. HP: 28/31 MP: 0/0
  2245 | D:2      | Found Komiygatz's Assorted Antiques.
  2250 | D:2      | Reached skill level 1 in Short Blades
  2250 | D:2      | Reached XP level 5. HP: 33/35 MP: 0/0
  2250 | D:2      | Learned a level 2 spell: Poisonous Vapours
  2253 | D:2      | Found Alay's Magic Scroll Boutique.
  2295 | D:2      | Bought a scroll of teleportation for 36 gold pieces
  2295 | D:2      | Bought a scroll of identify for 24 gold pieces
  4229 | D:4      | Found a staircase to the Ecumenical Temple.
  4251 | D:4      | Reached XP level 6. HP: 39/41 MP: 0/0
  4268 | Temple   | Entered the Ecumenical Temple
  4275 | Temple   | Became a worshipper of Makhleb the Destroyer
  4505 | D:4      | HP: 2/41 [ogre/+0 giant club (25)]
  4507 | D:4      | Reached skill level 5 in Spellcasting
  4999 | D:4      | Reached skill level 1 in Invocations
  5140 | D:4      | Reached XP level 7. HP: 24/46 MP: 0/0
  5140 | D:4      | Learned a level 2 spell: Blink
  5358 | D:4      | Found a shimmering altar of Xom.
  5667 | D:5      | Entered Level 5 of the Dungeon
  5685 | D:5      | Reached skill level 1 in Fighting
  6053 | D:5      | Reached skill level 1 in Polearms
  6846 | D:6      | Reached XP level 8. HP: 50/52 MP: 0/0
  7267 | D:6      | Found a snail-covered altar of Cheibriados.
  8126 | D:2      | Bought a glowing scarf for 152 gold pieces
  8126 | D:2      | Bought a scroll of teleportation for 57 gold pieces
  8512 | D:7      | Noticed a polar bear
  8513 | D:7      | Found a huge runed translucent gate.
  8513 | D:7      | Noticed a death yak
  8513 | D:7      | Noticed a manticore
  8513 | D:7      | Noticed a wyvern
  8513 | D:7      | Noticed a polar bear
  8513 | D:7      | Noticed a death yak
  8514 | D:7      | Found a huge runed translucent gate.
  8514 | D:7      | Found a huge runed translucent gate.
  8514 | D:7      | Found a huge runed translucent gate.
  8514 | D:7      | Noticed a wyvern
  8514 | D:7      | Noticed a wyvern
  8515 | D:7      | Noticed a wyvern
  8515 | D:7      | Noticed a polar bear
  9026 | D:7      | Reached skill level 5 in Invocations
  9026 | D:7      | Reached XP level 9. HP: 32/59 MP: 0/0
  9026 | D:7      | Learned a level 3 spell: Mephitic Cloud
  9313 | D:7      | Noticed a polar bear
  9424 | D:8      | Reached * piety under Makhleb
  9429 | D:8      | Reached skill level 5 in Dodging
  9681 | D:8      | Found a stormy altar of Qazlal.
 10199 | D:8      | Noticed a troll
 10217 | D:8      | Killed a troll
 10838 | D:8      | Noticed a two-headed ogre
 10852 | D:8      | Noticed a tengu conjurer
 10852 | D:8      | Noticed a cyclops
 11505 | D:8      | Reached XP level 10. HP: 56/67 MP: 0/0
 11841 | D:8      | Reached ** piety under Makhleb
 12100 | D:8      | Killed a two-headed ogre
 12101 | D:8      | Reached skill level 5 in Polearms
 12101 | D:8      | HP: 2/67 [killer bee (8)]
 12945 | D:8      | Hit by a large rock thrown by a cyclops

Illustrated notes

Levels and vault maps discovered:
D:1:      sevenhm_arrival_forest_fort_small_3, layout_loops_corners,
          chequers_ecumenical_altar_island
D:2:      layout_rooms, serial_shops, shop, nicolae_shop_crystal, minmay_puff,
          uniq_jessica
D:3:      layout_loops_ring
D:4:      layout_loops_ring, gammafunk_temple_overflow_elements, temple_green,
          corexii_corridor_pit
D:5:      layout_basic
D:6:      layout_loops_cross, cheibriados_altar_1, minmay_manual_monolith
D:7:      lemuel_bear_cage, layout_loops_ring
D:8:      minmay_the_grid_triangle_9x9_rhombus_full
          [minmay_the_grid_triangle_9x9_alien,
          minmay_the_grid_triangle_9x9_thin_v,
          minmay_the_grid_triangle_9x9_zippers_horizontal,
          minmay_the_grid_triangle_9x9_shrine,
          minmay_the_grid_triangle_9x9_from_above,
          minmay_the_grid_triangle_9x9_impossible_snake,
          minmay_the_grid_triangle_9x9_warning,
          minmay_the_grid_triangle_9x9_prize_insulated], layout_basic,
          grunt_qazlal_sundering, hangedman_abyss_or_decor_stagger,
          grunt_ministairs_14
Temple:   nicolae_temple_no_exploring_needed

Skill      XL: |  1  2  3  4  5  6  7  8  9 10 |
---------------+-------------------------------+-----
Spellcasting   | 3 4 5 6 7 8 |  8.0
Short Blades   | 1 |  1.6
Stealth        | 2 3 |  3.5
Dodging        | 3 4 5 6 |  6.3
Invocations    | 1 2 5 7 8 |  8.2
Fighting       | 1 2 3 4 |  4.0
Polearms       | 1 3 4 5 |  5.0

Action                   |  1- 3 |  4- 6 |  7- 9 | 10-12 || total
-------------------------+-------+-------+-------+-------++-------
Melee: Short sword       |       |    24 |       |       ||    24
       Glaive            |       |    10 |    70 |     1 ||    81
 Cast: Foxfire           |    48 |   125 |    88 |       ||   261
       Sticky Flame      |       |       |    27 |     4 ||    31
       Fireball          |       |       |    10 |    34 ||    44
       Conjure Flame     |       |       |     1 |       ||     1
  Use: Scroll            |     2 |     2 |    11 |     1 ||    16
       Potion            |       |       |     5 |     1 ||     6
Armor: Robe              |       |    20 |    41 |     1 ||    62
Dodge: Dodged            |     1 |    62 |   193 |     3 ||   259

Table legend: (Time is in decaauts)
 A = Elapsed time spent in this place.
 B = Non-inter-level travel time spent in this place.
 C = Inter-level travel time spent in this place.
 D = Time resting spent in this place.
 E = Time spent auto-exploring this place.
 F = Levels seen in this place.
 G = Mean time per level.
                   A        B        C        D        E       F      G
               +--------+--------+--------+--------+--------+-----+--------+
         Total |  12993 |  12538 |    455 |   2937 |   8269 |   9 | 1443.7 |
       Dungeon |  12978 |  12531 |    447 |   2937 |   8269 |   8 | 1622.2 |
        Temple |     14 |      7 |      7 |      0 |      0 |   1 |   14.0 |
               +--------+--------+--------+--------+--------+-----+--------+

Top non-repeatable levels by time:
     D:8: 2965 daAuts
     D:7: 1778 daAuts
     D:2: 1771 daAuts
     D:4: 1720 daAuts
     D:1: 1474 daAuts
     D:6: 1276 daAuts
     D:3: 1036 daAuts
     D:5: 955 daAuts
  Temple: 14 daAuts
